 Dungeon Crawl Stone Soup version 0.31-a0-174-g85c54bcb58 (webtiles) character file.

Game seed: 5240287719418064154

105 qw the Shooter (level 4, -3/40 HPs)
             Began as a Naga Hunter on June 15, 2023.
             Slain by a black bear (6 damage)
             ... on level 3 of the Dungeon.
             The game lasted 00:00:35 (1610 turns).

qw the Shooter (Naga Hunter)                        Turns: 1610, Time: 00:00:35

Health: -3/40      AC:  3    Str: 13    XL:     4   Next: 83%
Magic:  4/4        EV: 10    Int: 10    God:
Gold:   166        SH:  0    Dex: 20    Spells: 3/3 levels left

rFire   + . .        f - +0 orcbow
rCold   . . .        (shield currently unavailable)
rNeg    . . .        e - +1 robe "Anoffomm" {Rampage rF+ rCorr Dex+4}
rPois   +            (no helmet)
rElec   .            (no cloak)
rCorr   +            (no gloves)
SInv    +            (no barding)
Will    .....        h - amulet of regeneration
Stlth   ++           (no ring)
HPRegen 1.06/turn    (no ring)
MPRegen 0.09/turn

%: rampage
@: short of breath, very slow
A: AC +1, large, see invisible, deformed body, poison resistance, slowness 2,
spit poison 1, naga tail 1
a: Spit Poison


You were on level 3 of the Dungeon.
You visited 1 branch of the dungeon, and saw 3 of its levels.

You collected 166 gold pieces.


Innate Abilities, Weirdness & Mutations

Your serpentine skin is tough. (AC +1)
You have supernaturally acute eyesight. (SInv)
Armour fits poorly on your strangely shaped body.
Your system is resistant to poisons. (rPois)
You cover ground very slowly.
You can spit poison.
You have a snake-like lower body.


   Skills:
 + Level 2.7 Fighting
 - Level 5.1 Ranged Weapons
 - Level 1.5 Dodging
 - Level 1.5 Stealth


You had 3 spell levels left.
You didn't know any spells.
Your spell library was empty.

Inventory:

Hand Weapons
 f - a +0 orcbow (weapon)
Armour
 e - the +1 robe "Anoffomm" (worn) {Rampage rF+ rCorr Dex+4}
   (You found it on level 2 of the Dungeon)

   Dex:       It affects your dexterity (+4).
   rF:        It protects you from fire.
   rCorr:     It protects you from acid and corrosion.
   Rampage:   It bestows one free step when moving towards enemies.
Jewellery
 h - an amulet of regeneration (around neck)
Wands
 a - a wand of digging (5)
Scrolls
 b - a scroll of identify
 c - 3 scrolls of enchant armour {unknown}
Potions
 d - a potion of enlightenment {unknown}
 g - a potion of haste
 l - a potion of curing {unknown}

Dungeon Overview and Level Annotations

Branches:
Dungeon (3/15)

Altars:


Message History

Aiming: Spit Poison (1% risk of failure)
Press: ? - help, Shift-Dir - straight line, f/p - black bear The splash of poison misses the black bear.
The black bear bites you but does no damage.
The black bear barely misses you. x2
You shoot an arrow. The arrow barely misses the black bear.
The black bear bites you. The black bear claws you.
The black bear barely misses you.
You shoot an arrow. The arrow barely misses the black bear.
The black bear bites you. The black bear barely misses you.
The black bear claws you but does no damage.
You shoot an arrow. The arrow hits the black bear.
The black bear is moderately wounded.
The black bear bites you!
The black bear claws you but does no damage.
The black bear claws you.
You shoot an arrow. The arrow hits the black bear.
The black bear is heavily wounded.
You have got your breath back.
The black bear closely misses you.
The black bear claws you but does no damage.
The black bear claws you. The black bear bites you.
The black bear closely misses you.
The black bear claws you but does no damage.
1608 ||| INVOKING Spit Poison.
Aiming: Spit Poison (1% risk of failure)
Press: ? - help, Shift-Dir - straight line, f/p - black bear The splash of poison misses the black bear.
The black bear bites you. The black bear closely misses you. x2
You shoot an arrow. The arrow hits the black bear!
The black bear is almost dead.
The black bear goes berserk!
You shoot an arrow.
The arrow hits the black bear but does no damage.
The black bear is almost dead.
The black bear bites you. The black bear completely misses you.
The black bear closely misses you. The black bear barely misses you.
The black bear claws you but does no damage.
The black bear claws you.
You die...

.#.#)#.#.#^#.#.#.#.#.#.#.
#.#.#)#.#.#.#.#.#.#.#.#.#
#.#.#.#.#.#.#.#.#.#.#.#.
#.#.#.#.#.#.#.#.#.#.#.#
#.#.#o#.#.#.#.#.#.#.#.
#.#.#.#.#.#.#.#.#.#.#
#.#.#.#.#.#)#.#.#.#.
#.#.#.#.#.#.#.#.#.#
#.#@#.#.#.#.#.#.#.#.
#.#h#.#.#.#.#.#.#....
#.#.#.#.#.#.#.#.#.....
#.#.#.#.#.#.#.#.#.#....
#.#!#.#.....#.#.#.#.#+#.
#.#.#.#.#.. ....#.....#.#
.#.#.#.#.. ........#.# ##
##. ... .. .#


You could see a black bear (berserk).

Vanquished Creatures
  An iguana (D:2)
  An orc wizard (D:3)
  4 orcs
  3 ball pythons (D:2)
  7 bats
  4 endoplasms
  A giant cockroach (D:3)
  3 goblins
  4 hobgoblins
  2 jackals (D:2)
  2 quokkas (D:1)
  7 frilled lizards
  4 kobolds
  5 rats
48 creatures vanquished.

Notes
Turn   | Place    | Note
-------+----------+-------------------------------------------
     0 | D:1      | qw the Naga Hunter began the quest for the Orb.
     0 | D:1      | Reached XP level 1. HP: 19/19 MP: 1/1
     0 | D:1      | 0 ||| qw: Version: 0.2-a-29-g511e9b1
     0 | D:1      | 0 ||| qw: Game counter: 5183
     0 | D:1      | 0 ||| qw: Always use a shield: true
     0 | D:1      | 0 ||| qw: God list: Okawaru
     0 | D:1      | 0 ||| qw: Allow faded altars: false
     0 | D:1      | 0 ||| qw: Do Orc after D:15 true
     0 | D:1      | 0 ||| qw: Do second Lair branch before Depths: true
     0 | D:1      | 0 ||| qw: Lair rune preference: random
     0 | D:1      | 0 ||| qw: Plans: Normal
     0 | D:1      | 0 ||| PLANNING D:1-11
    11 | D:1      | 11 ||| INVOKING Spit Poison.
    20 | D:1      | 20 ||| INVOKING Spit Poison.
    21 | D:1      | 21 ||| INVOKING Spit Poison.
    35 | D:1      | 35 ||| INVOKING Spit Poison.
    48 | D:1      | 48 ||| INVOKING Spit Poison.
    52 | D:1      | 52 ||| INVOKING Spit Poison.
    71 | D:1      | 71 ||| INVOKING Spit Poison.
   166 | D:1      | 166 ||| INVOKING Spit Poison.
   167 | D:1      | Reached skill level 4 in Ranged Weapons
   167 | D:1      | Reached XP level 2. HP: 26/26 MP: 2/2
   185 | D:1      | 185 ||| INVOKING Spit Poison.
   213 | D:1      | 213 ||| INVOKING Spit Poison.
   216 | D:1      | 216 ||| INVOKING Spit Poison.
   220 | D:1      | 220 ||| INVOKING Spit Poison.
   300 | D:1      | 300 ||| INVOKING Spit Poison.
   329 | D:1      | 329 ||| INVOKING Spit Poison.
   347 | D:1      | 347 ||| INVOKING Spit Poison.
   563 | D:1      | 563 ||| INVOKING Spit Poison.
   564 | D:1      | 564 ||| INVOKING Spit Poison.
   601 | D:1      | 601 ||| INVOKING Spit Poison.
   619 | D:1      | 619 ||| INVOKING Spit Poison.
   627 | D:1      | Reached XP level 3. HP: 32/32 MP: 3/3
   753 | D:1      | 753 ||| UPGRADING to amulet of regeneration.
   758 | D:1      | 758 ||| READING scroll labelled HITHRA ONNESSO.
   759 | D:1      | 759 ||| READING scroll labelled TOBRUI JELIKUU.
   760 | D:1      | 760 ||| READING scroll labelled SIGALO TIUSEX.
   764 | D:1      | 764 ||| READING scroll labelled JALUFOV UTHO.
   765 | D:1      | 765 ||| READING scroll labelled YTTOOFF KAIWN.
   766 | D:1      | 766 ||| DRINKING 2 ruby potions.
   767 | D:1      | 767 ||| DROPPING scroll of butterflies.
   773 | D:2      | 773 ||| INVOKING Spit Poison.
   817 | D:2      | 817 ||| INVOKING Spit Poison.
   830 | D:2      | 830 ||| INVOKING Spit Poison.
   851 | D:2      | 851 ||| INVOKING Spit Poison.
   856 | D:2      | HP: 3/32 [orc/+0 trident (8)]
   858 | D:2      | 858 ||| INVOKING Spit Poison.
   895 | D:2      | Identified the +1 robe "Anoffomm" {Rampage rF+ rCorr Dex+4}
   950 | D:2      | 950 ||| INVOKING Spit Poison.
   954 | D:2      | 954 ||| INVOKING Spit Poison.
   983 | D:2      | 983 ||| INVOKING Spit Poison.
  1169 | D:2      | 1169 ||| INVOKING Spit Poison.
  1449 | D:2      | 1449 ||| INVOKING Spit Poison.
  1453 | D:2      | Reached skill level 5 in Ranged Weapons
  1453 | D:2      | Reached XP level 4. HP: 39/39 MP: 4/4
  1453 | D:2      | 1453 ||| INVOKING Spit Poison.
  1553 | D:2      | 1553 ||| UPGRADING to +1 robe "Anoffomm" {Rampage rF+ rCorr
                  | Dex+4}.
  1563 | D:2      | 1563 ||| DROPPING +0 leather armour.
  1586 | D:3      | 1586 ||| UPGRADING to +0 orcbow.
  1587 | D:3      | 1587 ||| DROPPING +1 shortbow.
  1597 | D:3      | Noticed a black bear
  1600 | D:3      | 1600 ||| Stepping ~*~*~tactically~*~*~ (outnumbered).
  1601 | D:3      | 1601 ||| Stepping ~*~*~tactically~*~*~ (outnumbered).
  1603 | D:3      | 1603 ||| INVOKING Spit Poison.
  1608 | D:3      | 1608 ||| INVOKING Spit Poison.
  1608 | D:3      | HP: 6/40 [black bear (6)]
  1610 | D:3      | Slain by a black bear

Levels and vault maps discovered:
D:1:      wander_arrival_lonely_grave, layout_basic
D:2:      layout_basic
D:3:      layout_basic, gammafunk_ghost_necromancy, uniq_jessica

Skill      XL: |  1  2  3 |
---------------+----------+-----
Ranged Weapons | 4 5 |  5.1
Fighting       | |  2.7
Dodging        | |  1.5
Stealth        | |  1.5

Action                     |  1- 3 |  4- 6 || total
---------------------------+-------+-------++-------
   Fire: Shortbow          |    59 |     1 ||    60
         Orcbow            |       |    11 ||    11
Ability: Spit Poison       |    27 |     3 ||    30
    Use: Scroll            |     5 |       ||     5
         Potion            |     1 |       ||     1
 Armour: Leather armour    |     2 |       ||     2
         Robe              |       |     6 ||     6
  Dodge: Dodged            |    13 |    14 ||    27

Table legend:
 A = Non-vault XP
 B = Vault XP
 C = Vault XP percentage of total XP
 D = Non-vault monster count
 E = Vault monster count
 F = Vault count percentage of total count
                 A         B        C        D         E       F
            +---------+---------+-------+---------+---------+-------
      Total |     151 |       0 |   0.0 |      48 |       0 |   0.0
            +---------+---------+-------+---------+---------+-------
        D:1 |      36 |       0 |   0.0 |      24 |       0 |   0.0
        D:2 |      72 |       0 |   0.0 |      20 |       0 |   0.0
        D:3 |      43 |       0 |   0.0 |       4 |       0 |   0.0
            +---------+---------+-------+---------+---------+-------
